 Dungeon Crawl Stone Soup version 0.30-a0-802-gb92711bcdf (webtiles) character file.

Game seed: 17708675134216361404

22173 Jeffwins the Thaumaturge (level 13, 0/95 HPs)
             Began as a Human Wanderer on Feb 24, 2023.
             Was a Believer of Vehumet.
             Slain by an ettin
             ... wielding a +0 dire flail
              (32 damage)
             ... on level 2 of the Orcish Mines.
             The game lasted 00:26:46 (16064 turns).

Jeffwins the Thaumaturge (Human Wanderer)          Turns: 16064, Time: 00:26:46

Health: 0/95       AC:  7    Str:  9    XL:     13   Next: 25%
Magic:  23/27      EV: 19    Int: 21    God:    Vehumet [**....]
Gold:   499        SH:  6    Dex: 16    Spells: 30/33 levels left

rFire   . . .      SeeInvis .    a - +6 dagger "Grim Tooth" {flame, Dex+3}
rCold   + . .      Faith    .    d - +0 buckler
rNeg    . . .      Spirit   .    Z - +0 troll leather armour
rPois   .          Reflect  .    (no helmet)
rElec   .          Harm     .    U - +0 cloak
rCorr   +          Rampage  +    (no gloves)
Will    .....                    G - +1 pair of boots {rampage}
Stlth   ++++                     g - amulet of regeneration
HPRegen 1.95/turn                E - +5 ring of evasion
MPRegen 0.20/turn                c - ring "Lidus" {Contam rC+ rCorr Slay+6}

@: no status effects
A: no striking features
a: Renounce Religion


You were on level 2 of the Orcish Mines.
You worshipped Vehumet.
Vehumet was pleased with you.
You visited 3 branches of the dungeon, and saw 13 of its levels.
You also visited: Ossuary.

You collected 1131 gold pieces.
You spent 632 gold pieces at shops.


   Skills:
 + Level 6.8 Fighting
 * Level 8.7(8.9) Short Blades
 - Level 2.4(6.0) Long Blades
 - Level 1.0 Throwing
 + Level 6.9 Dodging
 + Level 7.6 Stealth
 + Level 6.2 Shields
 * Level 10.7 Spellcasting
 - Level 5.0 Conjurations
 - Level 3.0 Necromancy
 * Level 5.0 Fire Magic
 + Level 4.5 Evocations


You had 30 spell levels left.
You knew the following spells:

 Your Spells              Type           Power      Damage    Failure   Level
x - Scorch                Fire           64%        2d8       1%          2
z - Foxfire               Conj/Fire      100%       2x1d9     1%          1

Your spell library contained the following spells:

 Spells                   Type           Power      Damage    Failure   Level
 Shock                    Conj/Air       84%        1d8       3%          1
 Sublimation of Blood     Necr           23%        N/A       4%          2
 Cigotuvi's Dreadful Rot  Necr/Pois/Air  30%        N/A       11%         2
 Inner Flame              Hex/Fire       21%        N/A       12%         3
 Ozocubu's Armour         Ice            11%        N/A       32%         3
 Summon Guardian Golem    Hex/Summ       11%        N/A       32%         3
 Cause Fear               Hex            5%         N/A       71%         4
 Discord                  Hex            5%         N/A       100%        8

Inventory:

Hand Weapons
 a - the +6 dagger "Grim Tooth" (weapon) {flame, Dex+3}
   (You found it on level 5 of the Dungeon)

   Dex:       It affects your dexterity (+3).
 b - a +6 great sword of holy wrath
Missiles
 w - 2 throwing nets {=f}
 K - 26 poisoned darts (quivered)
Armour
 d - a +0 buckler (worn)
 x - a +0 robe of willpower
 G - a +1 pair of boots of rampaging (worn)
 M - a +0 kite shield
 N - the +1 chain mail of Refuge {Slay+3}
   (You found it on level 7 of the Dungeon)

   Slay:      It affects your accuracy & damage with ranged weapons and melee
   (+3).
 U - a +0 cloak (worn)
 V - a +1 leather armour of poison resistance
 Y - a +0 ring mail of fire resistance
 Z - a +0 troll leather armour (worn)
Jewellery
 c - the ring "Lidus" (right hand) {Contam rC+ rCorr Slay+6}
   (You found it on level 4 of the Dungeon)

   [ring of protection from cold]

   Slay:      It affects your accuracy & damage with ranged weapons and melee
   (+6).
   rC:        It protects you from cold.
   Contam:    It causes magical contamination when unequipped.
   rCorr:     It protects you from acid and corrosion.
 g - an amulet of regeneration (around neck)
 n - an amulet of reflection
 A - a ring of willpower
 C - a ring of protection from cold
 E - a +5 ring of evasion (left hand)
 F - the ring "Rasm" {*Corrode rElec Int+6 Dex+3}
   (You bought it in a shop on level 2 of the Orcish Mines)

   [ring of intelligence]

   Int:       It affects your intelligence (+6).
   Dex:       It affects your dexterity (+3).
   rElec:     It insulates you from electricity.
   *Corrode:  It may corrode you when you take damage.
 L - a ring of flight
 O - a +4 ring of protection
 S - a +6 ring of strength
Wands
 y - a wand of flame (10)
 T - a wand of polymorph (2)
 W - a wand of paralysis (1)
Scrolls
 h - a scroll of magic mapping
 j - 4 scrolls of immolation {!r}
 m - 3 scrolls of fog
 q - 3 scrolls of amnesia
 r - 2 scrolls of blinking
 u - 2 scrolls of enchant armour
 z - 2 scrolls of identify {@r1}
 B - a scroll of enchant weapon
 I - a scroll of teleportation {@r4}
 P - 2 scrolls of silence {!r}
Potions
 f - 3 potions of might
 i - a potion of mutation {unknown}
 k - 2 potions of haste {unknown}
 l - 16 potions of curing {@q1}
 o - a potion of flight {unknown}
 p - 2 potions of degeneration {unknown}
 s - 4 potions of heal wounds {@q2}
 t - 5 potions of brilliance {unknown}
 v - a potion of cancellation {unknown}
 D - a potion of magic {unknown}
 H - 8 potions of attraction {unknown}
 J - a potion of berserk rage {unknown}
 R - a potion of lignification {unknown}
Miscellaneous
 e - a piece from Xom's chessboard (15/15)

Dungeon Overview and Level Annotations

Branches:
Dungeon (10/15)            Temple (1/1) D:6             Orc (2/2) D:10
Ossuary (visited)
   Lair: D:8-11         Elf: Orc:2

Altars:
Ashenzari
Cheibriados
Dithmenos
Elyvilon
Fedhas
Gozag
Hepliaklqana
Kikubaaqudgha
Makhleb
Nemelex Xobeh
Okawaru
Qazlal
Ru
Sif Muna
Trog
Uskayaw
Vehumet
Wu Jian
Xom
Yredelemnul
Zin
The Shining One

Shops:
D:10 (   Orc:2 *

Annotations:
D:4 2 runed translucent doors
Orc:2 2 transporters, Palms's ghost, journeyman MiMo

....##
......
....).
......# ##
..).)..#.#
.........###
......o)##.#
#.).C@...##
#.........##
###........#
####......##
#.#..∩.....#
#......#...#
#......#.###
##......#.#
##......####


You could see an ettin and an orc warrior.


Message History

Aiming: Paralyse
Press: ? - help, Shift-Dir - straight line, f/p - ettin
Aim: an ettin, wielding two +0 dire flails (chance to affect: 42%)
The ettin resists with some effort.
You block the ettin's attack.
The ettin hits you with a +0 dire flail!!
The orc warrior completely misses you.
Unknown command.
Aiming: Paralyse
Press: ? - help, Shift-Dir - straight line, f/p - ettin
Aim: an ettin, wielding two +0 dire flails (chance to affect: 42%)
The ettin resists with some effort.
You block the orc warrior's attack. The ettin misses you. x2
Unknown command.
Aiming: Paralyse
Press: ? - help, Shift-Dir - straight line, f/p - ettin
Aim: an ettin, wielding two +0 dire flails (chance to affect: 42%)
The ettin resists with some effort.
The orc warrior misses you. The ettin barely misses you.
You block the ettin's attack.
Unknown command.
Aiming: Paralyse
Press: ? - help, Shift-Dir - straight line, f/p - ettin
Aim: an ettin, wielding two +0 dire flails (chance to affect: 42%)
The ettin resists with some effort.
The ettin hits you with a +0 dire flail!!
* * * LOW HITPOINT WARNING * * *
The ettin misses you. The orc warrior completely misses you.
Unknown command.
The ettin attacks as you move away!
The ettin hits you with a +0 dire flail!!
You die...

Skill      XL: |  1  2  3  4  5  6  7  8  9 10 11 12 13 |
---------------+----------------------------------------+-----
Conjurations   | 1 2 3 4 5 |  5.0
Fire Magic     | 1 2 3 4 5 |  5.0
Shields        | 2 3 4 5 6 |  6.2
Spellcasting   | 5 6 7 8 9 10 | 10.7
Dodging        | 1 2 3 4 5 6 |  6.9
Stealth        | 1 2 4 5 6 7 |  7.6
Fighting       | 1 2 3 4 5 6 |  6.8
Long Blades    | 1 2 |  2.4
Short Blades   | 2 5 6 8 |  8.7
Evocations     | 2 4 |  4.5
Throwing       | |  1.0
Necromancy     | |  3.0

Action                     |  1- 3 |  4- 6 |  7- 9 | 10-12 | 13-15 || total
---------------------------+-------+-------+-------+-------+-------++-------
  Melee: Dagger            |    32 |     7 |    47 |   340 |    53 ||   479
         Great sword       |       |       |    54 |       |       ||    54
         Punch             |       |       |     1 |     1 |       ||     2
   Cast: Foxfire           |    71 |    89 |   228 |   794 |   120 ||  1302
         Scorch            |       |       |       |       |     4 ||     4
  Evoke: Wand              |       |       |       |     7 |    14 ||    21
    Use: Potion            |     1 |       |     1 |       |     3 ||     5
         Scroll            |     1 |     1 |    11 |     7 |     4 ||    24
   Stab: Sleeping          |       |       |     4 |     2 |       ||     6
         Distracted        |       |       |     1 |     1 |       ||     2
         Paralysed         |       |       |       |     3 |     2 ||     5
 Armour: Robe              |     7 |     5 |    26 |    16 |       ||    54
         Ring mail         |       |       |       |    36 |       ||    36
         Troll leather arm |       |       |       |    22 |    26 ||    48
  Dodge: Dodged            |    25 |    16 |   176 |   373 |    77 ||   667
  Block: Buckler           |     9 |     8 |     8 |   112 |    28 ||   165

Levels and vault maps discovered:
D:1:      onia_arrival_mini_spirals, layout_basic, grunt_decor_arrowhead,
          minmay_liquid_box
D:2:      layout_loops_ring, basic_ecumenical_altar, hangedman_decor_riveting,
          minmay_lizard_pond
D:3:      layout_loops_corners, mainiacjoe_overflow_brackets, uniq_grinder
D:4:      layout_gridville, grunt_ministairs_7, nicolae_eternal_life,
          hangedman_abyss_or_decor_stabs, abandoned_shop,
          minmay_hollow_rounded_squares
D:5:      layout_loops_ring, mainiacjoe_overflow_tiny_flanked,
          nicolae_ossuary_entry_monument
D:6:      layout_cave_pools, minmay_temple_entry_wispy, serial_gnoll_camp,
          gnoll_camp_mini_hut, gnoll_camp_mini_house, gnoll_camp_mini_hut,
          grums_kennel, gnoll_camp_mini_house
D:7:      layout_basic, serial_demonic, serial_demonic_g, serial_demonic_g,
          serial_demonic_c, serial_demonic_a, minmay_tree_intersection,
          uniq_pikel, uniq_crazy_yiuf_cottage
D:8:      hellmonk_crumbling_castle, layout_loops_ring
D:9:      cheibrodos_grave_circle, layout_irregular_city, onia_ninara_cookie
D:10:     layout_irregular_city, vehumet_altar_wand_db,
          nicolae_dithmenos_through_a_glass_darkly, orc_david_3
Temple:   eino_narrow_crystal_temple
Orc:1:    layout_caves, basic_altar
Orc:2:    st_orc_congregation, layout_diamond_mine,
          gammafunk_ghost_wrathful_warriors, serial_shops, shop,
          nicolae_orc_tapped_out, uniq_maurice, uniq_azrael

Notes
Turn   | Place    | Note
-------+----------+-------------------------------------------
     0 | D:1      | Jeffwins the Human Wanderer began the quest for the Orb.
     0 | D:1      | Jeffwins set off with the following items: a +0 dagger, a
                  | potion of might, a +0 robe, a +0 buckler; and the following
                  | spells available to memorise: Sublimation of Blood,
                  | Foxfire, Shock, Cigotuvi's Dreadful Rot, Ozocubu's Armour,
                  | Summon Guardian Golem.
     0 | D:1      | Reached XP level 1. HP: 13/13 MP: 5/5
     2 | D:1      | Learned a level 1 spell: Foxfire
    74 | D:1      | Reached XP level 2. HP: 10/19 MP: 2/7
  1156 | D:2      | Found a faded altar of an unknown god.
  1292 | D:2      | Reached skill level 1 in Conjurations
  1292 | D:2      | Reached skill level 1 in Fire Magic
  1607 | D:2      | Reached XP level 3. HP: 24/24 MP: 4/8
  2049 | D:3      | Reached XP level 4. HP: 19/30 MP: 0/10
  2576 | D:3      | Found a shimmering altar of Xom.
  2911 | D:3      | Noticed Grinder
  2934 | D:3      | Paralysed by Grinder for 4 turns
  2941 | D:3      | Killed Grinder
  2942 | D:3      | Reached skill level 2 in Shields
  2942 | D:3      | Reached skill level 5 in Spellcasting
  2942 | D:3      | Reached skill level 2 in Conjurations
  2942 | D:3      | Reached skill level 2 in Fire Magic
  2942 | D:3      | Reached XP level 5. HP: 13/35 MP: 0/12
  2942 | D:3      | Reached XP level 6. HP: 16/41 MP: 0/13
  3151 | D:3      | Reached skill level 3 in Conjurations
  3286 | D:4      | Reached skill level 3 in Fire Magic
  3609 | D:4      | Reached XP level 7. HP: 34/46 MP: 1/14
  4524 | D:4      | Found a large runed translucent door.
  4524 | D:4      | Found a large runed translucent door.
  4537 | D:4      | Found a large runed translucent door.
  4537 | D:4      | Found a large runed translucent door.
  4554 | D:4      | Noticed a water moccasin
  4564 | D:4      | Killed a water moccasin
  4565 | D:4      | Reached skill level 1 in Dodging
  4565 | D:4      | Reached skill level 1 in Stealth
  4867 | D:4      | Reached skill level 1 in Fighting
  4927 | D:4      | Reached skill level 4 in Conjurations
  4927 | D:4      | Reached XP level 8. HP: 51/54 MP: 8/16
  5017 | D:4      | Reached skill level 4 in Fire Magic
  5082 | D:4      | Identified the ring "Lidus" {Contam rC+ rCorr Slay+6}
  5398 | D:4      | Reached skill level 3 in Shields
  5514 | D:5      | Entered Level 5 of the Dungeon
  5676 | D:5      | Reached skill level 2 in Stealth
  5678 | D:5      | Reached skill level 6 in Spellcasting
  5712 | D:5      | Reached skill level 1 in Long Blades
  5731 | D:5      | Found a sand-covered staircase.
  5766 | Ossuary  | Entered an ossuary
  5796 | Ossuary  | Reached skill level 2 in Dodging
  5914 | Ossuary  | Reached skill level 2 in Fighting
  5962 | Ossuary  | Reached XP level 9. HP: 61/61 MP: 7/18
  6040 | Ossuary  | Reached skill level 5 in Conjurations
  6040 | Ossuary  | Reached skill level 5 in Fire Magic
  6131 | Ossuary  | Reached skill level 2 in Long Blades
  6131 | Ossuary  | Reached skill level 3 in Stealth
  6504 | D:5      | Reached skill level 3 in Fighting
  6504 | D:5      | Reached skill level 3 in Dodging
  6515 | D:5      | Found an ornate altar of the Wu Jian Council.
  6723 | D:5      | Identified the +6 dagger "Grim Tooth" {flame, Dex+3}
  6799 | D:6      | Reached skill level 1 in Short Blades
  6800 | D:6      | Reached skill level 7 in Spellcasting
  6860 | D:6      | Noticed Grum
  6873 | D:6      | Killed Grum
  6904 | D:6      | Reached skill level 2 in Short Blades
  7049 | D:6      | Found a staircase to the Ecumenical Temple.
  7061 | Temple   | Entered the Ecumenical Temple
  7266 | D:6      | Reached skill level 4 in Stealth
  7275 | D:6      | Reached XP level 10. HP: 67/70 MP: 1/21
  7298 | D:6      | Reached skill level 3 in Short Blades
  7829 | D:6      | Reached skill level 4 in Fighting
  7829 | D:6      | Reached skill level 4 in Dodging
  8261 | D:7      | Noticed Pikel
  8286 | D:7      | Killed Pikel
  8287 | D:7      | Reached skill level 4 in Short Blades
  8287 | D:7      | Reached skill level 8 in Spellcasting
  8486 | D:7      | Identified the +1 chain mail of Refuge {Slay+3}
  8662 | D:7      | Reached skill level 5 in Stealth
  9257 | D:7      | Found a runed translucent door.
  9258 | D:7      | Noticed Crazy Yiuf
  9376 | D:7      | Killed Crazy Yiuf
  9892 | D:8      | Reached skill level 5 in Short Blades
  9980 | D:8      | Reached XP level 11. HP: 75/76 MP: 23/23
 10157 | D:8      | Noticed a two-headed ogre
 10177 | D:8      | Killed a two-headed ogre
 10178 | D:8      | Reached skill level 5 in Dodging
 10178 | D:8      | Reached skill level 4 in Shields
 10600 | D:9      | Reached skill level 5 in Fighting
 10738 | D:9      | Reached skill level 1 in Evocations
 10876 | D:9      | Reached skill level 6 in Short Blades
 10876 | D:9      | Reached skill level 9 in Spellcasting
 11363 | D:9      | Paralysed by a hornet for 2 turns
 11395 | D:9      | Reached skill level 6 in Stealth
 11781 | D:9      | Paralysed by a floating eye for 3 turns
 11784 | D:9      | Reached skill level 2 in Evocations
 11945 | D:9      | Paralysed by a floating eye for 3 turns
 12164 | D:9      | Reached XP level 12. HP: 86/86 MP: 22/25
 12232 | D:9      | Reached skill level 5 in Shields
 12724 | D:9      | Paralysed by a floating eye for 2 turns
 12725 | D:9      | Reached skill level 7 in Short Blades
 12880 | D:10     | Entered Level 10 of the Dungeon
 12887 | D:10     | Found a shadowy altar of Dithmenos.
 12889 | D:10     | Noticed a two-headed ogre
 12898 | D:10     | Killed a two-headed ogre
 12899 | D:10     | Reached skill level 6 in Dodging
 13027 | D:10     | Reached skill level 3 in Evocations
 13175 | D:10     | Found Kiongakh's Weapon Shoppe.
 13175 | D:10     | Found a staircase to the Orcish Mines.
 13392 | D:10     | Reached skill level 6 in Fighting
 13439 | D:10     | Found a radiant altar of Vehumet.
 13448 | D:10     | Became a worshipper of Vehumet
 13808 | Orc:1    | Entered Level 1 of the Orcish Mines
 14320 | Orc:2    | Entered Level 2 of the Orcish Mines
 14429 | Orc:2    | Reached skill level 10 in Spellcasting
 14556 | Orc:2    | Noticed Azrael
 14624 | Orc:1    | Reached skill level 7 in Stealth
 14654 | Orc:1    | Reached * piety under Vehumet
 14654 | Orc:1    | Offered knowledge of Freeze by Vehumet.
 14683 | Orc:1    | Killed Azrael
 14856 | Orc:2    | Noticed Palms's ghost (journeyman MiMo)
 14888 | Orc:2    | Noticed a deep troll
 14956 | Orc:2    | Found a transporter.
 14961 | Orc:2    | Found a transporter.
 14965 | Orc:2    | Found a bloodstained altar of Trog.
 14976 | Orc:2    | Noticed a two-headed ogre
 15011 | Orc:2    | Noticed Maurice
 15017 | Orc:2    | Killed Maurice
 15047 | Orc:2    | Paralysed by an orc sorcerer for 5 turns
 15050 | Orc:2    | Noticed a sun demon
 15051 | Orc:2    | HP: 3/85 [orc sorcerer/bolt of fire (25)]
 15051 | Orc:2    | HP: 1/85 [orc/+1 war axe of freezing (2)]
 15069 | Orc:2    | Reached skill level 8 in Short Blades
 15189 | Orc:2    | Noticed an orc high priest
 15193 | Orc:2    | Noticed an orc high priest
 15200 | Orc:2    | Killed an orc high priest
 15201 | Orc:2    | Reached skill level 4 in Evocations
 15214 | Orc:2    | Killed an orc high priest
 15215 | Orc:2    | Reached XP level 13. HP: 57/95 MP: 2/27
 15342 | Orc:2    | Reached ** piety under Vehumet
 15342 | Orc:2    | Offered knowledge of Scorch by Vehumet.
 15343 | Orc:2    | Reached skill level 6 in Shields
 15706 | Orc:2    | Noticed an orc warlord
 15729 | Orc:2    | Killed an orc warlord
 15746 | Orc:2    | Learned a level 2 spell: Scorch
 15804 | Orc:2    | Paralysed by an orc sorcerer for 5 turns
 15859 | Orc:2    | Paralysed by an orc sorcerer for 3 turns
 15865 | Orc:2    | HP: 7/95 [orc high priest/+0 mace (4)]
 15951 | Orc:2    | Found Tighahow's General Store.
 15960 | Orc:2    | Bought the ring "Rasm" {*Corrode rElec Int+6 Dex+3} for 608
                  | gold pieces
 15960 | Orc:2    | Bought a scroll of identify for 24 gold pieces
 16053 | Orc:2    | Noticed an ettin
 16064 | Orc:2    | Slain by an ettin

Vanquished Creatures
  An orc warlord (Orc:2)
  Azrael (Orc:1)
  2 two-headed ogres
  2 orc high priests (Orc:2)
  3 orc knights (Orc:2)
  Pikel (D:7)
  A cyclops (Orc:2)
  An orc sorcerer (Orc:2)
  Maurice (Orc:2)
  An unseen horror (D:9)
  A centaur skeleton (D:9)
  A harpy zombie (D:9)
  3 trolls
  2 hellwings (D:9)
  2 hornets (D:9)
  Grinder (D:3)
  A shadow (D:9)
  9 yaks
  2 wyverns (D:9)
  Grum (D:6)
  2 wraiths
  2 fire elementals (Orc:1)
  A warg (Orc:1)
  3 water moccasins
  An acid dragon (D:9)
  3 floating eyes (D:9)
  2 hell hounds
  An ice beast (D:5)
  A black bear (D:5)
  22 orc warriors
  A sky beast (D:7)
  4 ogres
  4 centaurs
  2 lemures (D:7)
  3 kobold brigands
  4 bullfrogs
  A necrophage (D:4)
  10 gnoll sergeants
  A scorpion (D:5)
  2 wyvern zombies (Ossuary)
  20 wights
  2 water moccasin zombies (Ossuary)
  A killer bee (D:9)
  2 howler monkeys (D:9)
  7 hounds (D:6)
  7 centaur zombies
  3 jellies
  17 orc priests
  3 bullfrog zombies (Ossuary)
  A quasit (D:7)
  Crazy Yiuf (D:7)
  2 gnoll boudas
  9 iguanas
  2 boggart zombies (D:9)
  25 orc wizards
  2 killer bee zombies (Ossuary)
  11 mummies (Ossuary)
  2 howler monkey zombies (Ossuary)
  34 gnolls
  2 adders (D:4)
  6 shadow imps
  2 ufetubi
  3 worms
  2 dart slugs
  62 orcs
  3 endoplasms
  2 giant cockroaches
  4 goblins
  A hobgoblin (D:1)
  8 jackals
  19 kobolds
  A quokka (D:4)
  6 ball pythons
  2 bats (D:1)
  6 frilled lizards
  3 rats
390 creatures vanquished.

Vanquished Creatures (collateral kills)
  An orc sorcerer (Orc:2)
  2 orc warriors (Orc:2)
  A howler monkey (D:6)
  An orc priest (Orc:2)
  A gnoll (D:6)
  An orc (Orc:2)
  4 foxfires
11 creatures vanquished.

Vanquished Creatures (others)
  An orc priest (Orc:2)
  An orc wizard (Orc:2)
  2295 foxfires
  18 withered plants
2315 creatures vanquished.

Grand Total: 2716 creatures vanquished

Table legend: (Time is in decaauts)
 A = Elapsed time spent in this place.
 B = Non-inter-level travel time spent in this place.
 C = Inter-level travel time spent in this place.
 D = Time resting spent in this place.
 E = Time spent auto-exploring this place.
 F = Levels seen in this place.
 G = Mean time per level.
                   A        B        C        D        E       F      G
               +--------+--------+--------+--------+--------+-----+--------+
         Total |  15999 |  15668 |    331 |    370 |  11945 |  14 | 1142.8 |
       Dungeon |  13002 |  12694 |    308 |    150 |  10109 |  10 | 1300.2 |
        Temple |    191 |    178 |     13 |      0 |    167 |   1 |  191.0 |
  Orcish Mines |   2202 |   2192 |     10 |    121 |   1352 |   2 | 1101.0 |
       Ossuary |    602 |    602 |      0 |     99 |    317 |   1 |  602.0 |
               +--------+--------+--------+--------+--------+-----+--------+

Top non-repeatable levels by time:
     D:9: 2303 daAuts
     D:4: 2229 daAuts
   Orc:2: 1541 daAuts
     D:3: 1263 daAuts
     D:6: 1228 daAuts
     D:7: 1191 daAuts
     D:8: 1131 daAuts
     D:1: 1062 daAuts
     D:2: 948 daAuts
    D:10: 910 daAuts
     D:5: 733 daAuts
   Orc:1: 660 daAuts
 Ossuary: 602 daAuts
  Temple: 191 daAuts

Table legend:
 A = Non-vault XP
 B = Vault XP
 C = Vault XP percentage of total XP
 D = Non-vault monster count
 E = Vault monster count
 F = Vault count percentage of total count
                 A         B        C        D         E       F
            +---------+---------+-------+---------+---------+-------
      Total |   12892 |   18784 |  59.3 |     230 |     167 |  42.1
            +---------+---------+-------+---------+---------+-------
        D:1 |      18 |       0 |   0.0 |      11 |       0 |   0.0
        D:2 |      15 |       5 |  25.0 |       7 |       5 |  41.7
        D:3 |      71 |     272 |  79.3 |      16 |       1 |   5.9
        D:4 |     475 |     374 |  44.1 |      15 |      15 |  50.0
        D:5 |     649 |       0 |   0.0 |      14 |       0 |   0.0
        D:6 |    1347 |     853 |  38.8 |      32 |      15 |  31.9
        D:7 |    1080 |     731 |  40.4 |      21 |       5 |  19.2
        D:8 |    2041 |       0 |   0.0 |      28 |       0 |   0.0
        D:9 |    1844 |    5771 |  75.8 |      29 |      34 |  54.0
       D:10 |    2573 |      10 |   0.4 |      20 |       4 |  16.7
      Orc:1 |    1472 |    1549 |  51.3 |      15 |       4 |  21.1
      Orc:2 |    1307 |    8196 |  86.2 |      22 |      57 |  72.2
    Ossuary |       0 |    1023 | 100.0 |       0 |      27 | 100.0
            +---------+---------+-------+---------+---------+-------
